 Dungeon Crawl Stone Soup version 0.29.1-1-gd02db6906a (webtiles) character file.

Game seed: 1357310532377993422

177 LustLizard the Trooper (level 5, -1/42 HPs)
             Began as a Demonspawn Fighter on Oct 4, 2022.
             Slain by Sigmund
             ... wielding a +2 scythe of flaming
              (3 damage)
             ... on level 3 of the Dungeon.
             The game lasted 00:04:17 (2051 turns).

LustLizard the Trooper (Demonspawn Fighter)         Turns: 2051, Time: 00:04:17

Health: -1/42      AC:  9    Str: 17    XL:     5   Next: 31%
Magic:  0/5        EV:  9    Int:  9    God:
Gold:   99         SH:  5    Dex: 20    Spells: 4/4 levels left

rFire   . . .      SeeInvis .   a - +0 long sword
rCold   . . .      Faith    .   c - +0 buckler
rNeg    . . .      Spirit   +   b - +0 scale mail
rPois   .          Reflect  .   (no helmet)
rElec   .          Harm     .   (no cloak)
rCorr   .          Rampage  .   (no gloves)
Will    .....                   (no boots)
Stlth   ..........              t - amulet of guardian spirit
HPRegen 0.14/turn               j - +6 ring of dexterity
MPRegen 0.09/turn               w - ring of wizardry

@: mighty
A: molten scales 2
a: no special abilities


You were on level 3 of the Dungeon.
You visited 1 branch of the dungeon, and saw 3 of its levels.

You collected 99 gold pieces.

Inventory:

Hand Weapons
 a - a +0 long sword (weapon)
Armour
 b - a +0 scale mail (worn)
 c - a +0 buckler (worn)
Jewellery
 j - a +6 ring of dexterity (left hand)
 t - an amulet of guardian spirit (around neck)
 w - a ring of wizardry (right hand)
Wands
 o - a wand of paralysis (17)
 p - a wand of flame (22)
Scrolls
 e - a scroll of vulnerability {unknown}
 g - a scroll of fear {unknown}
 i - a scroll of poison {unknown}
 l - a scroll of immolation
 m - a scroll of noise {unknown}
 q - 2 scrolls of enchant weapon {unknown}
 r - a scroll of blinking {unknown}
 u - a scroll of amnesia {unknown}
 v - a scroll of identify {unknown}
Potions
 f - 2 potions of degeneration {unknown}
 h - 2 potions of curing {unknown}
 k - a potion of flight {unknown}
 n - a potion of haste {unknown}
 s - a potion of cancellation {unknown}


   Skills:
 + Level 3.6 Fighting
 * Level 3.2 Long Blades
 + Level 3.3 Armour
 + Level 1.5 Dodging
 + Level 3.3 Shields


You had 4 spell levels left.
You didn't know any spells.
Your spell library contained the following spells:

 Spells                   Type           Power      Damage    Failure   Level
 Confusing Touch          Hex            0%         N/A       88%         3
 Yara's Violent Unravell  Hex/Tmut       0%         3d3       100%        5
 Enfeeble                 Hex            0%         N/A       100%        7


Dungeon Overview and Level Annotations

Branches:
Dungeon (3/15)

Altars:

Annotations:
D:3 Sigmund


Innate Abilities, Weirdness & Mutations

You are mostly covered in molten scales. (AC +3)


Message History

You hit the hobgoblin.
You kill the hobgoblin!
You barely miss the kobold.
The kobold hits you with a +0 short sword.
You completely miss the kobold. You block the kobold's attack.
Something hits you. Something burns you.
The kobold hits you with a +0 short sword.
You closely miss the kobold.
The kobold hits you with a +0 short sword.
Something hits you. Something burns you.
You hit the kobold.
The kobold is severely wounded.
The kobold hits you with a +0 short sword.
You slash the kobold!
You kill the kobold!
The kobold hits you but does no damage.
You hit the kobold.
The kobold is moderately wounded.
Something hits you! Something burns you. The kobold completely misses you.
You barely miss the kobold.
The kobold is moderately wounded.
The kobold hits you with a +0 short sword.
You block something's attack.
You closely miss the kobold.
The kobold is moderately wounded.
The kobold hits you but does no damage.
You slash the kobold!
You kill the kobold!
Something hits you!
* * * LOW HITPOINT WARNING * * *
Something burns you.
* * * LOW HITPOINT WARNING * * *
Sorry, you're not good enough to have a special ability.
Unknown command.
Sorry, you're not good enough to have a special ability.
You feel very mighty all of a sudden. Something hits you!
* * * LOW HITPOINT WARNING * * *
Something burns you.
You die...

#.# ###........ ..#
.......... .##
.......... .#
..[...... ##
......... .#
#........ ..#
#........ #.####
############........
...#.#
#....##..@){.##.....
.....#
####......#### ###
..... #.[..### ..##.
#####..### ..##.
##........#
...#.##..##.###.#
.......[....# .#
#####.#...### #
####....#.....


There were no monsters in sight!

Vanquished Creatures
  An orc wizard (D:3)
  Robin (D:2)
  4 adders
  3 dart slugs
  6 orcs (D:3)
  3 ball pythons
  4 endoplasms (D:1)
  14 giant cockroaches
  15 goblins
  9 hobgoblins
  4 jackals (D:1)
  5 bats
  3 frilled lizards
  7 kobolds
  4 rats
83 creatures vanquished.

Notes
Turn   | Place    | Note
-------+----------+-------------------------------------------
     0 | D:1      | LustLizard the Demonspawn Fighter began the quest for the
                  | Orb.
     0 | D:1      | Reached XP level 1. HP: 18/18 MP: 1/1
   223 | D:1      | Gained mutation: You are partially covered in molten
                  | scales. (AC +2) [demonic ancestry]
   223 | D:1      | Reached XP level 2. HP: 24/24 MP: 2/2
   476 | D:1      | Reached XP level 3. HP: 18/29 MP: 3/3
   952 | D:2      | Noticed Robin
  1071 | D:2      | Reached skill level 1 in Dodging
  1133 | D:2      | Gained mutation: You are mostly covered in molten scales.
                  | (AC +3) [demonic ancestry]
  1133 | D:2      | Reached XP level 4. HP: 35/35 MP: 4/4
  1153 | D:2      | Found a faded altar of an unknown god.
  1423 | D:2      | Killed Robin
  1908 | D:3      | Reached XP level 5. HP: 35/41 MP: 3/5
  2031 | D:3      | Noticed Sigmund
  2051 | D:3      | HP: 2/42 [something (6)]
  2051 | D:3      | Slain by Sigmund

Illustrated notes

Levels and vault maps discovered:
D:1:      dpeg_arrival_refuge, layout_basic, kennysheep_doodads
D:2:      minmay_roachtagon, layout_rooms, ebering_ecumenical_altar_webs,
          grunt_ministairs_7, uniq_robin
D:3:      layout_rooms, uniq_sigmund, uniq_crazy_yiuf_cottage, uniq_ijyb

Skill      XL: |  1  2  3  4 |
---------------+-------------+-----
Long Blades    | 2 3 |  3.2
Armour         | 3 |  3.3
Dodging        | 1 |  1.5
Shields        | 3 |  3.3
Fighting       | |  3.6

Action                   |  1- 3 |  4- 6 || total
-------------------------+-------+-------++-------
Melee: Long sword        |   112 |   110 ||   222
  Use: Scroll            |       |     1 ||     1
       Potion            |       |     1 ||     1
Armor: Scale mail        |    97 |    84 ||   181
Dodge: Dodged            |    64 |    75 ||   139
Block: Buckler           |    45 |    41 ||    86
